Map: Winter Madness LE

Players

HoldTheDoor

  • Race: Protoss Protoss
  • League: Diamond
  • Spawn Location: 11:00

GrandMister - Winner!

  • Race: Terran Terran
  • Spawn Location: 5:00

VOD

Have the link to the VOD?

Description

Time

  • Played on: May 1, 2026, 11:44 a.m.
  • Length: 10:02
Show
View Real Time Build Order
Export as new Build Order

HoldTheDoor Protoss 

Build Orders: 1 Gate Expand 

Get SALT Encoding   

  12  0:00  Probe  
  13  0:12  Probe  
  14  0:18  Pylon  
  14  0:24  Probe  
  15  0:32  Probe  
  15  0:39  Gateway  
  15  0:40  Probe  
  16  0:48  Assimilator  
  17  0:50  Probe  
  18  1:02  Probe  
  18  1:03  Pylon  
  18  1:15  Probe  
  19  1:28  Nexus  
  19  1:35  Cybernetics Core  
  19  1:37  Probe  
  20  1:44  Assimilator  
  20  1:50  Probe  
  21  2:00  Pylon  
  21  2:02  Probe  
  22  2:08  Adept  
  22  2:12  Warp Gate  
  22  2:17  Shield Battery  
  22  2:21  Probe  
  25  2:34  Probe  
  26  2:48  Pylon  
  26  3:02  Probe x2  
  28  3:07  Gateway  
  28  3:12  Gateway  
  28  3:14  Probe, Pylon  
  28  3:19  Probe  
  30  3:20  Shield Battery  
  30  3:26  Probe  
  31  3:31  Probe  
  31  3:33  Sentry  
  34  3:39  Robotics Facility  
  34  3:45  Twilight Council  
  34  3:46  Pylon, Probe  
  35  3:49  Probe  
  36  3:58  Probe  
  37  4:05  Probe  
  37  4:07  Stalker x2  
  42  4:10  Sentry, Probe  
  45  4:17  Probe  
  47  4:24  Probe  
  47  4:29  Probe  
  48  4:36  Probe  
  48  4:37  Charge  
  49  4:41  Probe  
  49  4:42  Stalker x3  
  56  4:48  Probe  
  56  4:52  Immortal  
  61  4:54  Probe  
  61  4:55  Assimilator  
  61  4:57  Assimilator  
  62  5:02  Forge  
  62  5:06  Probe x2  
  64  5:07  Pylon  
  64  5:19  Nexus  
  64  5:27  Probe  
  65  5:30  Zealot x2  
  65  5:32  Pylon, Zealot  
  71  5:43  Probe  
  71  5:44  Probe  
  71  5:46  Pylon  
  73  5:56  Stalker x3  
  59  6:21  Stalker x2  
  55  6:26  Probe  
  54  6:36  Stalker  
  56  6:53  Probe x3  
  59  7:01  Photon Cannon  
  59  7:06  Probe  
  60  7:10  Probe x2  
  60  7:30  Probe  
  60  7:31  Probe x2  
  60  7:36  Observer  
  64  7:42  Probe  
  64  7:43  Probe x2  
  65  7:55  Probe, Stalker x3  
  72  8:05  Photon Cannon  
  70  8:31  Stalker  
  70  8:32  Stalker x2  
  70  8:34  Observer  
  68  9:03  Probe x3  
  71  9:15  Probe x2  
  71  9:16  Probe  
  74  9:17  Photon Cannon  
  74  9:20  Pylon  
  74  9:21  Photon Cannon  
  74  9:23  Pylon  
  74  9:27  Probe x2  
  76  9:49  Pylon  
  76  9:51  Photon Cannon  
  77  9:54  Zealot x3  
  77  9:56  Pylon  
Show
View Real Time Build Order
Export as new Build Order

GrandMister Terran - Winner!

Build Orders: Reaper Expand 

Get SALT Encoding   

  12  0:00  SCV  
  13  0:12  SCV  
  14  0:17  Supply Depot  
  14  0:25  SCV  
  15  0:38  SCV  
  15  0:40  Barracks  
  16  0:46  Refinery  
  16  0:51  SCV  
  17  1:14  SCV  
  18  1:30  Orbital Command  
  18  1:33  Reaper  
  19  1:45  Command Center  
  19  1:57  SCV  
  20  2:06  Barracks Reactor  
  20  2:09  Supply Depot, SCV  
  20  2:15  Refinery  
  21  2:21  SCV  
  22  2:33  SCV  
  22  2:35  Factory  
  23  2:45  SCV  
  23  2:48  Marine x2  
  26  3:03  Orbital Command  
  26  3:04  SCV  
  27  3:08  Marine x2  
  27  3:12  Bunker  
  29  3:16  SCV  
  30  3:28  SCV, Marine x2  
  30  3:29  Widow Mine  
  30  3:31  Starport  
  30  3:33  SCV  
  36  3:38  Supply Depot  
  36  3:50  Marine x2  
  36  3:52  SCV x2  
  36  3:55  Factory Tech Lab  
  40  4:00  Supply Depot  
  40  4:04  SCV x2  
  42  4:20  SCV  
  42  4:21  SCV, Medivac  
  42  4:24  Cloaking Field  
  45  4:26  Hellion x2  
  45  4:31  Refinery  
  49  4:32  SCV  
  49  4:33  SCV, Supply Depot  
  51  4:39  Refinery  
  51  4:45  SCV x2  
  53  4:58  Hellion  
  53  4:59  Hellion, Banshee  
  60  5:00  SCV  
  60  5:01  SCV  
  62  5:07  Barracks Tech Lab  
  62  5:09  Factory  
  62  5:10  Factory  
  62  5:12  SCV  
  62  5:13  SCV  
  64  5:14  Supply Depot  
  64  5:25  SCV x2  
  66  5:36  Supply Depot  
  66  5:37  SCV x2  
  66  5:38  Barracks Tech Lab, Widow Mine  
  66  5:39  Supply Depot, Widow Mine  
  66  6:32  Cyclone x2  
  72  6:34  Hellion x2  
  72  6:35  Mag-Field Accelerator  
  72  6:37  Banshee  
  79  6:45  Command Center  
  77  6:47  SCV x2  
  77  6:54  Supply Depot x2  
  77  6:59  SCV x2  
  77  7:00  Widow Mine  
  77  7:01  Widow Mine  
  83  7:06  Cyclone x2  
  83  7:07  Factory  
  89  7:08  Factory  
  89  7:11  SCV x2  
  91  7:20  Banshee  
  94  7:29  Widow Mine x2  
  96  7:34  SCV x2  
  98  7:38  Cyclone  
  98  7:39  Cyclone, Supply Depot  
  98  7:42  Supply Depot  
  104  7:46  SCV x2  
  104  7:51  Widow Mine x2  
  108  7:58  SCV x2  
  110  8:10  Cyclone  
  110  8:11  Cyclone, Factory Tech Lab  
  110  8:12  Factory Tech Lab  
  116  8:13  Banshee  
  119  8:27  Command Center  
  117  8:43  Cyclone x2, Widow Mine  
  117  8:44  Widow Mine  
  124  8:52  Cyclone x2  
  124  8:53  SCV  
  124  8:54  SCV  
  129  9:08  Widow Mine x2, Banshee  
  136  9:27  Supply Depot  
  136  9:28  Supply Depot x2  
  136  9:29  Refinery  
  136  9:30  Engineering Bay  
  136  9:31  Refinery  
  136  9:33  Widow Mine  
  141  9:38  Widow Mine  
Tags
 
Add a new tag
Caveats
  • Supply blocks, unpowered buildings, or Contaminate may cause inaccurate times.
  • Supply counts are checked every 10 seconds.